 Dungeon Crawl Stone Soup version 0.29.1-1-gd02db6906a (webtiles) character file.

Game seed: 11645351580486911445

716 lonewolfV2 the Stinger (level 7, -5/46 HPs)
             Began as a Demonspawn Venom Mage on Oct 19, 2022.
             Slain by an orc
             ... wielding a +1 morningstar of protection
              (11 damage)
             ... on level 6 of the Dungeon.
             The game lasted 00:18:12 (6267 turns).

lonewolfV2 the Stinger (Demonspawn Venom Mage)      Turns: 6267, Time: 00:18:13

Health: -5/46      AC: 10    Str:  8    XL:     7   Next: 41%
Magic:  6/13       EV: 13    Int: 25    God:
Gold:   246        SH:  4    Dex: 13    Spells: 7/14 levels left

rFire   . . .      SeeInvis .   c - +2 war axe (freeze)
rCold   . . .      Faith    .   (no shield)
rNeg    . . .      Spirit   .   a - +0 robe
rPois   .          Reflect  .   (no helmet)
rElec   .          Harm     .   (no cloak)
rCorr   .          Rampage  .   (no gloves)
Will    .....                   (no boots)
Stlth   ++........              (no amulet)
HPRegen 0.15/turn               g - +4 ring of protection
MPRegen 0.13/turn               q - +6 ring of intelligence

@: no status effects
A: icemail 1, condensation shield, weakness stinger 2
a: no special abilities


You were on level 6 of the Dungeon.
You visited 1 branch of the dungeon, and saw 6 of its levels.

You collected 246 gold pieces.

Inventory:

Hand Weapons
 c - a +2 war axe of freezing (weapon)
Armour
 a - a +0 robe (worn)
Jewellery
 g - a +4 ring of protection (left hand)
 h - a +4 ring of protection
 q - a +6 ring of intelligence (right hand)
Wands
 o - a wand of quicksilver (10) (quivered)
Scrolls
 d - a scroll of magic mapping
 f - 3 scrolls of poison
 i - 3 scrolls of teleportation
 r - a scroll of enchant armour {unknown}
 s - a scroll of brand weapon {unknown}
 u - a scroll of noise {unknown}
 v - a scroll of fear {unknown}
Potions
 b - a potion of magic
 e - 2 potions of might
 j - a potion of flight {unknown}
 k - 2 potions of curing
 l - 5 potions of degeneration
 m - a potion of resistance
 n - a potion of haste {unknown}
 p - 2 potions of attraction {unknown}
 t - a potion of heal wounds {unknown}


   Skills:
 + Level 3.6 Dodging
 + Level 3.8 Stealth
 + Level 4.0 Spellcasting
 - Level 2.2 Transmutations
 * Level 5.3 Poison Magic


You had 7 spell levels left.
You knew the following spells:

 Your Spells              Type           Power      Damage    Failure   Level
a - Sting                 Tmut/Pois      96%        1d7       1%          1
b - Poisonous Vapours     Pois/Air       36%        N/A       4%          2
c - Olgreb's Toxic Radia  Pois           31%        N/A       10%         4

Your spell library contained the following spells:

 Spells                   Type           Power      Damage    Failure   Level
 Magic Dart               Conj           20%        1d4       9%          1
 Necrotise                Necr           20%        1d5       9%          1
 Slow                     Hex            20%        N/A       9%          1
 Mephitic Cloud           Conj/Pois/Air  14%        N/A       13%         3
 Searing Ray              Conj           10%        2d4       14%         2
 Confusing Touch          Hex            5%         N/A       26%         3
 Vampiric Draining        Necr           5%         2d6       26%         3
 Ice Form                 Ice/Tmut       10%        N/A       50%         4
 Fulminant Prism          Conj/Hex       2%         3d6       65%         4
 Hailstorm                Conj/Ice       5%         3d4       65%         4
 Agony                    Necr           5%         N/A       94%         5
 Simulacrum               Ice/Necr       2%         N/A       100%        6


Dungeon Overview and Level Annotations

Branches:
Dungeon (5/15)
 Temple: D:4-7

Altars:
Fedhas
Yredelemnul

Annotations:
D:5 1 transporter


Innate Abilities, Weirdness & Mutations

A meltable icy envelope protects you from harm. (AC +4)
A meltable shield of frost defends you. (SH +4)
You have a tail ending in a sharp stinger.


Message History

The black bear barely misses you. You block the black bear's attack.
The black bear claws you but does no damage.
The jelly closely misses you.
You barely miss the black bear.
Your tail-slap misses the black bear.
The black bear is severely wounded.
You slash the jelly! You freeze the jelly.
You kill the jelly!
The black bear bites you.
The black bear claws you but does no damage. x2
The black bear bites you but does no damage.
The black bear claws you.
* * * LOW HITPOINT WARNING * * *
The black bear misses you. The black bear bites you!
* * * LOW HITPOINT WARNING * * *
The black bear barely misses you.
The black bear claws you but does no damage.
Your magical contamination has completely faded away.
You slash the black bear! You freeze the black bear.
You kill the black bear!
Your Spellcasting skill increases to level 4!
Casting: Poisonous Vapours (safe; 4% risk of failure)
Confirm with . or Enter, or press ? or * to list all spells.
Aiming: Poisonous Vapours (safe; 4% risk of failure)
Press: ? - help, Dir - move target, f - orc
Aim: an orc, wielding a +1 morningstar of protection Poisonous vapours surround the orc!
The orc is poisoned.
Things that are here:
a +0 dagger; a +0 robe; an orc corpse
Casting: Poisonous Vapours (safe; 4% risk of failure)
Confirm with . or Enter, or press ? or * to list all spells.
Aiming: Sting (safe; 1% risk of failure)
Press: ? - help, Shift-Dir - straight line, f/p - orc
Aim: an orc, wielding a +1 morningstar of protection (lightly wounded, poisoned, 76% to hit)
The sting hits the orc.
The orc looks even sicker.
The orc is heavily wounded.
Items here: )) [[.
You barely miss the orc.
The orc is heavily wounded.
The orc hits you with a +1 morningstar of protection!
You die...

#......#
###......#
###........#
#.........#
#.......#
#.....#
##)...#
+.o.###
#.@.#
#+##...#
#..#..##
#....#
##...# #..##
#..# #..#
##.##


You could see an orc (very poisoned).

Vanquished Creatures
  2 black bears
  Blork the orc (D:5)
  A scorpion (D:5)
  A necrophage (D:4)
  A jelly (D:6)
  An iguana (D:3)
  Natasha (thrice) (D:2)
  An orc wizard (D:6)
  Robin (D:2)
  4 adders
  An ufetubus (D:6)
  3 worms
  8 dart slugs
  10 orcs
  6 endoplasms
  2 giant cockroaches
  13 goblins
  12 hobgoblins
  5 jackals (D:1)
  4 kobolds
  5 quokkas
  10 ball pythons
  7 bats
  3 frilled lizards
  8 rats
  A spectral orc (D:4)
114 creatures vanquished.

Notes
Turn   | Place    | Note
-------+----------+-------------------------------------------
     0 | D:1      | lonewolfV2 the Demonspawn Venom Mage began the quest for
                  | the Orb.
     0 | D:1      | Reached XP level 1. HP: 13/13 MP: 3/3
    52 | D:1      | Reached skill level 1 in Transmutations
   394 | D:1      | Gained mutation: A meltable shield of frost defends you.
                  | (SH +4) [demonic ancestry]
   394 | D:1      | Reached XP level 2. HP: 19/19 MP: 1/5
   397 | D:1      | Learned a level 2 spell: Poisonous Vapours
  1581 | D:1      | Gained mutation: You have a small tail. [demonic ancestry]
  1581 | D:1      | Reached XP level 3. HP: 24/24 MP: 0/6
  2361 | D:2      | Found a blossoming altar of Fedhas.
  2914 | D:2      | Noticed Natasha
  2920 | D:2      | Killed Natasha
  2921 | D:2      | Gained mutation: A meltable icy envelope protects you from
                  | harm. (AC +4) [demonic ancestry]
  2921 | D:2      | Reached XP level 4. HP: 16/30 MP: 5/7
  3030 | D:2      | Noticed Natasha
  3037 | D:2      | Killed Natasha
  3195 | D:2      | Learned a level 4 spell: Olgreb's Toxic Radiance
  3228 | D:2      | Noticed Robin
  3251 | D:2      | Reached XP level 5. HP: 33/35 MP: 1/9
  3252 | D:2      | Killed Robin
  3492 | D:2      | Found a faded altar of an unknown god.
  3765 | D:2      | Noticed Natasha
  3770 | D:2      | Killed Natasha
  5089 | D:4      | Reached skill level 4 in Poison Magic
  5260 | D:4      | Identified the +5 sling "Orb Guardian's Bane" {freeze,
                  | rPois}
  5295 | D:4      | Gained mutation: You have a tail ending in a sharp stinger.
                  | [demonic ancestry]
  5295 | D:4      | Reached XP level 6. HP: 41/41 MP: 5/11
  5690 | D:4      | Found a basalt altar of Yredelemnul.
  5874 | D:5      | Entered Level 5 of the Dungeon
  5877 | D:5      | Found a transporter.
  5878 | D:5      | Noticed Blork the orc
  5884 | D:5      | Killed Blork the orc
  6125 | D:5      | Reached XP level 7. HP: 42/46 MP: 6/12
  6190 | D:5      | You fall into a shaft and drop 1 floor!
  6245 | D:6      | Reached skill level 5 in Poison Magic
  6267 | D:6      | Slain by an orc

Illustrated notes

Levels and vault maps discovered:
D:1:      lightli_arrival_quake, layout_loops_ring
D:2:      layout_basic, basic_altar, hellmonk_ecumenical_altar_run_dry,
          roderic_serpentine_path, minmay_misc_feat_iff, minmay_misc_feat_cross,
          uniq_natasha, uniq_robin
D:3:      layout_rooms, nicolae_elevator_lobby_plus
D:4:      layout_cave_pools, yredelemnul_forgotten_temple_becter,
          item_on_display_a
D:5:      layout_cave_pools, grunt_temple_overflow_lords_of_destruction,
          gammafunk_ghost_smash, serial_park, serial_park_tiny_pond,
          serial_park_square1 [serial_park_minivault_5x5_1], serial_park_square3
          [serial_park_minivault_5x5_2], uniq_blork_the_orc
D:6:      layout_cave_pods, grunt_ministairs_13, minmay_misc_feat_chi,
          grunt_decor_fettered, uniq_edmund

Skill      XL: |  1  2  3  4  5  6  7 |
---------------+----------------------+-----
Transmutations | 1 2 |  2.2
Stealth        | 2 3 |  3.8
Dodging        | 2 3 |  3.6
Spellcasting   | 3 4 |  4.0
Poison Magic   | 4 5 |  5.3

Action                   |  1- 3 |  4- 6 |  7- 9 || total
-------------------------+-------+-------+-------++-------
Melee: Unarmed           |    49 |       |       ||    49
       War axe           |    24 |    69 |    11 ||   104
       Tailslap          |       |     4 |     3 ||     7
       Punch             |       |     2 |       ||     2
 Cast: Sting             |    35 |    25 |     1 ||    61
       Poisonous Vapours |    27 |    33 |     1 ||    61
       Olgreb's Toxic Ra |       |    11 |     1 ||    12
  Use: Scroll            |     3 |     6 |       ||     9
Armor: Robe              |    29 |    27 |    18 ||    74
Dodge: Dodged            |    73 |    46 |    26 ||   145
Block: Other             |    16 |    13 |     3 ||    32
